 Dungeon Sprint DCSS version 0.30-a0-964-gd452b5e7fa (webtiles) character file.

Game seed: 12279159292651493692

105 sircluck the Trooper (level 4, -7/67 HPs)
             Began as a Hill Orc Fighter on Mar 30, 2023.
             Mangled by a human
             ... wielding a +0 spear
              (15 damage)
             ... in the Dungeon (Sprint III: "The Ten Rune Challenge").
             The game lasted 00:01:24 (437 turns).

sircluck the Trooper (Hill Orc Fighter)              Turns: 437, Time: 00:01:24

Health: -7/67      AC:  7    Str: 20    XL:     4   Next: 83%
Magic:  4/4        EV:  9    Int:  8    God:
Gold:   17         SH:  5    Dex: 10    Spells: 3/3 levels left

rFire   . . .      SeeInvis .    a - +0 war axe
rCold   . . .      Faith    .    c - +0 buckler
rNeg    . . .      Spirit   .    b - +0 scale mail
rPois   .          Reflect  .    (no helmet)
rElec   .          Rampage  .    (no cloak)
rCorr   .          NoTele   +    (no gloves)
Will    .....                    (no boots) Stlth
                                 (no amulet)
HPRegen 0.31/turn                (no ring)
MPRegen 0.09/turn                (no ring)

@: berserking, very quick
A: no striking features
a: no special abilities


You were in the Dungeon.
You visited 1 branch You collected 17 gold pieces.

Inventory:

Hand Weapons
 a - a +0 war axe (weapon)
 l - a +4 quarterstaff of chaos
Armour
 b - a +0 scale mail (worn)
 c - a +0 buckler (worn)
 m - a +0 cloak
Scrolls
 j - a scroll of blinking
 n - a scroll of immolation {unknown}
 o - 3 scrolls of identify
 p - a scroll of poison {unknown}
Potions
 e - a potion of curing
 f - a potion of heal wounds
 g - 2 potions of haste
 h - 2 potions of magic
 k - a potion of brilliance {unknown}
 q - a potion of invisibility {unknown}
 r - 5 potions of mutation


   Skills:
 + Level 6.5 Fighting
 + Level 5.9 Axes
 + Level 6.4 Armour
 + Level 0.3 Dodging
 + Level 5.7 Shields


You had 3 spell levels left.
You didn't know any spells.
Your spell library was empty.

Dungeon Overview and Level Annotations

Branches:
Dungeon (1/1)

Altars:
Okawaru
Trog
Uskayaw
Wu Jian
Beogh


Message History

You gasp with relief as air once again reaches your lungs.
You barely miss the water elemental.
The water elemental is moderately damaged.
The water elemental barely misses you.
You slice the water elemental!!
You destroy the water elemental!
Your Fighting skill increases to level 6!
Your Axes skill increases to level 5!
Your Armour skill increases to level 6!
You have reached level 4!
There is an open door to the Ecumenical Temple here.
You start resting.
You feel a little less mighty now.
There is a fountain of clear blue water here.
You open the door.
A human comes into view.
The human shouts!
You hear a shout!
Found a leather armour.
Found five altars.
A human comes into view. It is wielding a +0 spear.
You miss the human.
The human drinks a potion.
The human seems to grow stronger.
You closely miss the human. The human hits you!
The human drinks a potion.
The human goes berserk!
You slash the human!
The human is heavily wounded.
The human hits you from afar with a +0 spear!
* * * LOW HITPOINT WARNING * * *
You block the human's attack. x2
A red film seems to cover your vision as you go berserk!
You feel yourself moving faster!
You feel mighty!
The human hits you from afar with a +0 spear!
* * * LOW HITPOINT WARNING * * *
The human hits you but does no damage.
You closely miss the human.
The human is heavily wounded.
The human closely misses you. The human barely misses you.
The human hits you but does no damage.
You barely miss the human.
The human is heavily wounded.
The human hits you from afar with a +0 spear!
You die...

▓▓▓▓▓▓ ▓▓▓ .....♣ ♣.#
##### ....♣♣ ♣♣.# #___
.....♣ ♣..# #p_
....~♣♣♣♣..###+#p###+##
†..~~♣.♣♣♣.#....@.....#
..~~~~..♣..'.⌠........#
..~≈≈~~~...#...######+#
.~~≈~~~....#.⌠.#
.~≈~~~.....#...#
.~~~.......#+###
...........#
...........#
▓▓▓▓▓▓▓▓▓▓▓▓


You could see 2 humans.

Vanquished Creatures
  A water elemental (D)
  Crazy Yiuf (D)
  A human (D)
  2 endoplasms (D)
  2 rats (D)
7 creatures vanquished.

Notes
Turn   | Place    | Note
-------+----------+-------------------------------------------
     0 | D        | sircluck the Hill Orc Fighter began the quest for the Orb.
     0 | D        | Reached XP level 1. HP: 19/19 MP: 1/1
   110 | D        | Reached skill level 5 in Fighting
   110 | D        | Reached XP level 2. HP: 3/29 MP: 2/2
   321 | D        | Noticed Crazy Yiuf
   330 | D        | Killed Crazy Yiuf
   331 | D        | Reached skill level 5 in Armour
   331 | D        | Reached skill level 5 in Shields
   331 | D        | Reached XP level 3. HP: 24/36 MP: 1/3
   370 | D        | Noticed a water elemental
   380 | D        | Killed a water elemental
   381 | D        | Reached skill level 5 in Axes
   381 | D        | Reached XP level 4. HP: 17/45 MP: 4/4
   430 | D        | Found a hide-covered altar of Uskayaw.
   430 | D        | Found a roughly hewn altar of Beogh.
   430 | D        | Found an iron altar of Okawaru.
   430 | D        | Found a bloodstained altar of Trog.
   430 | D        | Found an ornate altar of the Wu Jian Council.
   430 | D        | Noticed a human
   431 | D        | Noticed a human
   437 | D        | Mangled by a human

Illustrated notes

Levels and vault maps discovered:
D:        dungeon_sprint_mu [sprint_mu_entry_forest, sprint_mu_temple_rooms,
          sprint_mu_d1_horrors, sprint_mu_d2_genie, sprint_mu_d3_branching,
          sprint_mu_orc_legion, sprint_mu_elf_gauntlet, sprint_mu_hive_nellie,
          sprint_mu_lair_fedhas, sprint_mu_vaults_butterflies,
          sprint_mu_slime_circle, sprint_mu_swamp_cave, sprint_mu_shoals_kraken,
          sprint_mu_blade_basic, sprint_mu_crypt_chambers,
          sprint_mu_tomb_spiral, sprint_mu_vestibule_basic,
          sprint_mu_gehenna_hellfire, sprint_mu_dis_giant,
          sprint_mu_tartarus_statrot, sprint_mu_cocytus_islands, sprint_mu_zot1]

Skill      XL: |  1  2  3 |
---------------+----------+-----
Fighting       | 5 6 |  6.5
Axes           | 3 4 5 |  5.9
Armour         | 4 5 6 |  6.4
Shields        | 4 5 |  5.7
Dodging        | |  0.3

Action                     |  1- 3 |  4- 6 || total
---------------------------+-------+-------++-------
  Melee: War axe           |    25 |     5 ||    30
    Use: Potion            |     1 |     1 ||     2
 Armour: Scale mail        |     3 |     2 ||     5
  Dodge: Dodged            |    12 |     2 ||    14
  Block: Buckler           |     2 |     2 ||     4

Table legend: (Time is in decaauts)
 A = Elapsed time spent in this place.
 B = Non-inter-level travel time spent in this place.
 C = Inter-level travel time spent in this place.
 D = Time resting spent in this place.
 E = Time spent auto-exploring this place.
 F = Levels seen in this place.
 G = Mean time per level.
                   A        B        C        D        E       F      G
               +--------+--------+--------+--------+--------+-----+--------+
         Total |    447 |    396 |     51 |    301 |      0 |   1 |  447.0 |
       Dungeon |    447 |    396 |     51 |    301 |      0 |   1 |  447.0 |
               +--------+--------+--------+--------+--------+-----+--------+

Top non-repeatable levels by time:
       D: 447 daAuts
